 Dungeon Crawl Stone Soup version 0.22-a0-389-g8519d86 (webtiles) character file.

24 Kairos the Skirmisher (level 3, 20/20 HPs)
             Began as a Vine Stalker Fighter on Apr 30, 2018.
             Quit the game on level 1 of the Dungeon.
             The game lasted 00:00:31 (539 turns).

Kairos the Skirmisher (Vine Stalker Fighter)         Turns: 539, Time: 00:00:32

Health: 20/20      AC:  6    Str: 19    XL:     3   Next: 2%
Magic:  4/4        EV:  7    Int:  8    God:
Gold:   10         SH:  9    Dex: 13    Spells: 2/2 levels left

rFire    . . .     SeeInvis .   a - +0 war axe
rCold    . . .     Gourm    .   c - +0 shield
rNeg     . . .     Faith    .   b - +0 scale mail
rPois    .         Spirit   +   (no helmet)
rElec    .         Reflect  .   (no cloak)
rCorr    .         Harm     .   (no gloves)
MR       .....                  (no boots)
Stlth    ..........             (no amulet)
HPRegen  0.06/turn              (no ring)
MPRegen  0.09/turn              (no ring)

@: no status effects
A: fangs 2, magic shield, antimagic bite, no potion heal 3, rot immunity
a: no special abilities


You were on level 1 of the Dungeon.
You were not hungry.

You visited 1 branch of the dungeon, and saw 1 of its levels.

You collected 10 gold pieces.

Inventory:

Hand Weapons
 a - a +0 war axe (weapon)
Armour
 b - a +0 scale mail (worn)
 c - a +0 shield (worn)
Potions
 d - a potion of might
 e - a potion of curing {unknown}
 g - a potion of mutation {unknown}
Comestibles
 f - 5 rations


   Skills:
 + Level 3.0 Fighting
 + Level 2.1 Axes
 + Level 2.6 Armour
 + Level 3.0 Shields


You had 2 spell levels left.
You didn't know any spells.

Dungeon Overview and Level Annotations

Branches:
Dungeon (1/15)

Altars:


Innate Abilities, Weirdness & Mutations

You have extremely sharp teeth.
When hurt, damage is shared between your health and your magic reserves.
Your bite disrupts and absorbs the magic of your enemies.
Potions cannot restore your health.
You are immune to rotting.


Message History

f - 5 rations (gained 1)
You open the door.
There is an open door here.
You open the door.
There is an open door here.
You open the door.
There is an open door here.
There is an open door here.
There is a stone staircase leading down here.
You open the door.
There is an open door here.
There is an open door here.
There is an open door here.
Key pressed, stopping explore.
Done exploring.
Done exploring.
No target in view!
No target in view!
Done exploring.
Are you sure you want to abandon this character and quit the game? (Confirm with "yes".)

####.......#.#####.##.#.########
...........'...................##
####.......#.#####.##.#.#####....
..########.......#.##.#.# #....
..# ###.###.#.##.#.#####....
..########.....#.#.##.#.#..(.....
.........'.....'.........)......#
##########.....#.#....#.....##...
........##.....#@######.#.#.##.#.
....^...##.....#........#........
........##.....############.###..
........##.....####.)...###......
############'####...#.#...##.#...
############.###..###.###..###...
#............##..## #.# ##..##...
#.############..## ##.## ##..##..
#.# ##..## ##...## ##..##.


There were no monsters in sight!

Vanquished Creatures
  An ooze (D:1)
  2 leopard geckos (D:1)
  A ball python (D:1)
  A giant cockroach (D:1)
  6 hobgoblins (D:1)
  2 frilled lizards (D:1)
  A goblin (D:1)
  3 rats (D:1)
17 creatures vanquished.

Notes
Turn   | Place    | Note
-------+----------+-------------------------------------------
     0 | D:1      | Kairos the Vine Stalker Fighter began the quest for the Orb.
     0 | D:1      | Reached XP level 1. HP: 11/11 MP: 2/2
   136 | D:1      | Reached XP level 2. HP: 16/16 MP: 3/3
   408 | D:1      | Reached XP level 3. HP: 20/20 MP: 4/4
   539 | D:1      | Quit the game

Vault maps used:
D:1:      dpeg_arrival_central

Skill      XL: |  1  2 |
---------------+-------+-----
Fighting       | 3 |  3.0
Shields        | 3 |  3.0
Axes           | 2 |  2.1
Armour         | |  2.6

Action                   || total
-------------------------++-------
Melee: War axe           ||    45
       Bite              ||     6
Armor: Scale mail        ||    20
Dodge: Dodged            ||    12
Block: Shield            ||    24

Table legend:
 A = Spawn XP
 B = Non-spawn XP
 C = Spawn XP percentage of total XP
 D = Spawn monster count
 E = Non-spawn monster count
 F = Spawn count percentage of total count
 G = Total turns spent on level
                    A         B        C        D         E        F      G
               +---------+---------+-------+---------+---------+-------+---------
         Total |       0 |      35 |   0.0 |       0 |      17 |   0.0 |   539
               +---------+---------+-------+---------+---------+-------+---------
           D:1 |       0 |      35 |   0.0 |       0 |      17 |   0.0 |   539
               +---------+---------+-------+---------+---------+-------+---------
